Canucks vs RedWings

Created - January-17-15 at 10:42

Goals
1 2 3 T
Canucks 1 2 1 4
RedWings 1 1 0 2
Shots
1 2 3 T
Canucks 24 23 18 65
RedWings 4 3 7 14

1st period

1. Canucks , Phil Kessel 17 (Erik Karlsson, Brandon Pirri) at 3:19
2. RedWings , Ondrej Palat 18 (Sam Gagner, Loui Eriksson) at 7:51

Penalties :
Mark Arcobello (DET) for Hooking (Minor) at 4:50, Eric Gryba (DET) for Hooking (Minor) at 8:47, Andrew Cogliano (DET) for Roughing (Minor) at 10:07

2nd period

3. Canucks , Claude Giroux 20 (Alex Pietrangelo) at 2:45
4. Canucks , Erik Karlsson 9 (Logan Couture) at 3:56 (PP)
5. RedWings , Jake Gardiner 8 (Tuomo Ruutu, Mark Arcobello) at 16:45 (PP)

Penalties :
Paul Martin (DET) for Hooking (Minor) at 3:52, Jake Gardiner (DET) for High sticking (Minor) at 4:47, Eric Brewer (DET) for Hooking (Minor) at 7:18, Eric Brewer (DET) for Hooking (Minor) at 9:52, Nazem Kadri (VAN) for Holding (Minor) at 10:59, Claude Giroux (VAN) for Hooking (Minor) at 15:47

3rd period

6. Canucks , Erik Karlsson 10 (Nazem Kadri, Andrei Markov) at 9:35

Penalties :
Eric Gryba (DET) for Diving (Minor) at 13:12, Alexandre Burrows (DET) for Roughing (Minor) at 14:59, Brent Burns (VAN) for Hooking (Minor) at 14:59, Eric Brewer (DET) for Holding (Minor) at 18:16

Goalie Stats

Henrik Lundqvist (VAN), 12 saves from 14 shots - (0.857), W, 25-11-1, 60:00 minutes
Roberto Luongo (DET), 61 saves from 65 shots - (0.938), L, 17-11-4, 60:00 minutes

Players Stats for Canucks

Player Name              G  A  P  +/- PIM S  H  SB GA TA FO     MP     PP MP  PK MP  
------------------------------------------------------------------------------------
Adam Henrique            0  0  0   1  0   4  1  1  0  0  2/4    16:24   0:10   0:16 
Alex Pietrangelo         0  1  1   1  0   4  0  0  0  0  0/0    23:44   6:01   0:39 
Andrei Markov            0  1  1   0  0   1  2  1  0  0  0/0    15:23   0:00   0:39 
Brandon Pirri            0  1  1   1  0   1  0  0  0  0  0/3     3:02   0:00   0:00 
Brent Burns              0  0  0   0  2   3  0  0  0  0  0/1    18:22   7:55   0:00 
Chris Kreider            0  0  0   0  0   0  0  0  0  0  1/1    12:35   0:00   0:00 
Claude Giroux            1  0  1   1  2   11 1  0  0  0  22/42  22:37   8:28   0:00 
Dmitry Kulikov           0  0  0   1  0   2  0  0  0  0  0/0     2:03   0:00   0:00 
Erik Karlsson            2  1  3   1  0   6  2  1  0  0  0/0    22:52   7:56   0:00 
Jonas Brodin             0  0  0   0  0   0  0  0  0  0  0/0    12:21   0:00   1:26 
Justin Braun             0  0  0   0  0   2  1  1  0  0  0/0    12:21   0:00   1:26 
Logan Couture            0  1  1   0  0   3  0  0  0  0  17/32  21:16   5:29   1:49 
Nazem Kadri              0  1  1   0  2   6  2  0  0  0  6/10   16:28   5:28   0:00 
P.K. Subban              0  0  0   1  0   5  3  0  0  0  0/0    23:05   6:01   0:00 
Phil Kessel              1  0  1   1  0   6  1  0  0  0  0/3    24:28   8:18   0:00 
Ryan Johansen            0  0  0   1  0   3  1  0  0  0  0/0    22:38   8:28   0:00 
Ryan OReilly             0  0  0   0  0   7  1  0  0  0  3/4    21:16   5:29   1:49 
Vladimir Sobotka         0  0  0   1  0   1  0  0  0  0  2/2     4:06   0:00   0:16 

Players Stats for RedWings

Player Name              G  A  P  +/- PIM S  H  SB GA TA FO     MP     PP MP  PK MP  
------------------------------------------------------------------------------------
Alexandre Burrows        0  0  0  -2  2   1  0  0  0  0  1/2    16:02   0:47   5:22 
Andrew Cogliano          0  0  0   0  2   0  1  0  0  0  12/25   7:42   0:00   7:42 
Eric Brewer              0  0  0  -1  6   1  5  1  0  0  0/0    25:29   0:20   4:11 
Eric Gryba               0  0  0  -1  4   0  6  2  0  0  0/0    18:56   0:15   6:28 
Erik Haula               0  0  0   0  0   0  0  0  0  0  0/0     0:15   0:15   0:00 
Filip Forsberg           0  0  0   0  0   0  0  0  0  0  2/2    22:18   1:03   8:39 
Hal Gill                 0  0  0   0  0   0  1  0  0  0  0/0     9:29   0:00   0:13 
Jake Gardiner            1  0  1   0  2   2  1  5  0  0  0/0    26:09   1:45   8:18 
Joe Thornton             0  0  0   0  0   1  0  0  0  0  15/24  14:24   1:30   0:18 
Loui Eriksson            0  1  1   0  0   1  2  0  0  0  1/4    19:44   1:30   0:51 
Mark Arcobello           0  1  1  -2  2   1  1  0  0  0  5/13    9:59   0:35   0:00 
Mark Fraser              0  0  0  -1  0   0  2  0  0  0  0/0    11:45   0:20   3:13 
Ondrej Palat             1  0  1   0  0   1  2  0  0  0  1/1    17:23   0:00   0:00 
Paul Martin              0  0  0  -1  2   1  0  1  0  0  0/0    27:59   1:30   5:49 
Sam Gagner               0  1  1   0  0   5  0  0  0  0  8/23   21:38   0:00   4:15 
Tuomo Ruutu              0  1  1   0  0   0  4  0  0  0  3/6    17:29   0:35   0:24 
Tyler Toffoli            0  0  0  -2  0   0  0  0  0  0  0/0    13:47   0:00   0:00 
Ville Leino              0  0  0   0  0   0  0  0  0  0  1/2     1:43   0:00   0:00 

3 Stars

1 - Erik Karlsson (VAN)
2 - Phil Kessel (VAN)
3 - Ondrej Palat (DET)

Power Play

Canucks - 1 on 9 Attempt(s) - 11.11%
RedWings - 1 on 2 Attempt(s) - 50.00%

Penalty Kill

Canucks - 1 on 2 Attempt(s) - 50.00% - Score 0 goal in Penalty Kill
RedWings - 8 on 9 Attempt(s) - 88.89% - Score 0 goal in Penalty Kill

Team Stat

Canucks - Hits : 15 - Faceoff Wins : 53 - Blocked Shots : 4 - Penalty Minutes : 6
RedWings - Hits : 25 - Faceoff Wins : 49 - Blocked Shots : 9 - Penalty Minutes : 20

Official

Referees : Paul Devorski and Tom Kowal
Linesman : Thor Nelson and Brad Lazarowich

Game Notes

No Game Note

Finance

Level 1 -- Attendance: 6500 (100.00%) -- Ticket Income $487,500
Level 2 -- Attendance: 5000 (100.00%) -- Ticket Income $250,000
Level 3 -- Attendance: 3500 (100.00%) -- Ticket Income $105,000
Level 4 -- Attendance: 3275 (80.55%) -- Ticket Income $65,500
Luxury Box -- Attendance: 954 (95.40%) -- Ticket Income $143,100
Game was played at the Joe Louis Arena'
Total Attendance: 19229 (95.83%)
Total Ticket Income: $1,051,100
Other Income: $157,665
Total Income: $1,208,765

% Time on Ice - Canucks

Lines # - Real PCT - Wanted PCT - Time Play
Normal Forward
1 - 34% - 34% - 14:10
2 - 34% - 31% - 13:58
3 - 25% - 25% - 10:12
4 - 7% - 10% - 2:47
Normal Defense
1 - 37% - 34% - 15:16
2 - 33% - 32% - 13:41
3 - 27% - 25% - 10:55
4 - 3% - 9% - 1:15
PP Forward
1 - 61% - 60% - 8:28
2 - 39% - 40% - 5:29
PP Defense
1 - 57% - 62% - 7:56
2 - 43% - 38% - 6:01
PK Forward
1 - 87% - 60% - 1:49
2 - 13% - 40% - 0:16
PK Defense
1 - 31% - 50% - 0:39
2 - 69% - 50% - 1:26
PK3 Forward
1 - 0% - 60%
2 - 0% - 40%
PK3 Defense
1 - 0% - 60%
2 - 0% - 40%
44 Forward
1 - 63% - 52% - 1:48
2 - 37% - 48% - 1:03
44 Defense
1 - 63% - 51% - 1:48
2 - 37% - 49% - 1:03
Last Minute Offensive  - 0:00
Last Minute Defensive  - 0:00
Total
Forward - 60:00
Defense - 60:00

% Time on Ice - RedWings

Lines # - Real PCT - Wanted PCT - Time Play
Normal Forward
1 - 42% - 45% - 17:23
2 - 31% - 35% - 12:36
3 - 23% - 15% - 9:25
4 - 4% - 5% - 1:43
Normal Defense
1 - 36% - 40% - 14:36
2 - 27% - 30% - 11:18
3 - 23% - 20% - 9:16
4 - 14% - 10% - 5:57
PP Forward
1 - 72% - 60% - 1:30
2 - 28% - 40% - 0:35
PP Defense
1 - 84% - 60% - 1:45
2 - 16% - 40% - 0:20
PK Forward
1 - 68% - 60% - 9:03
2 - 32% - 40% - 4:15
PK Defense
1 - 57% - 60% - 7:37
2 - 43% - 40% - 5:41
PK3 Forward
1 - 100% - 60% - 0:51
2 - 0% - 40% - 0:00
PK3 Defense
1 - 24% - 60% - 0:12
2 - 76% - 40% - 0:39
44 Forward
1 - 100% - 60% - 2:39
2 - 0% - 40% - 0:00
44 Defense
1 - 53% - 60% - 1:25
2 - 47% - 40% - 1:14
Last Minute Offensive  - 0:00
Last Minute Defensive  - 0:00
Total
Forward - 60:00
Defense - 60:00

Play by Play

1st period


0:01 of 1st period - Sam Gagner wins face-off versus Claude Giroux in neutral zone.
0:06 of 1st period - Shot by Ondrej Palat.
0:06 of 1st period - Shot Misses the Net.
0:08 of 1st period - Shot by Ondrej Palat.
0:08 of 1st period - Shot Misses the Net.
1:36 of 1st period - Shot by Ryan OReilly.
1:36 of 1st period - Stopped by Roberto Luongo with a rebound.
1:38 of 1st period - Shot by Logan Couture.
1:38 of 1st period - Shot Blocked by Eric Gryba.
2:25 of 1st period - Shot by Mark Arcobello.
2:25 of 1st period - Shot Misses the Net.
2:51 of 1st period - Shot by Adam Henrique.
2:51 of 1st period - Stopped by Roberto Luongo without a rebound.
2:52 of 1st period - Sam Gagner wins face-off versus Brandon Pirri in RedWings zone.
3:13 of 1st period - Shot by Vladimir Sobotka.
3:13 of 1st period - Shot Misses the Net.
3:15 of 1st period - Shot by Brandon Pirri.
3:15 of 1st period - Shot Misses the Net.
3:19 of 1st period - Shot by Phil Kessel.
3:19 of 1st period - Goal by Phil Kessel - Canucks : 1 - RedWings : 0.
3:20 of 1st period - Claude Giroux wins face-off versus Joe Thornton in neutral zone.
3:22 of 1st period - Off-side.
3:23 of 1st period - Nazem Kadri wins face-off versus Tuomo Ruutu in neutral zone.
4:24 of 1st period - Off-side.
4:25 of 1st period - Logan Couture wins face-off versus Mark Arcobello in neutral zone.
4:27 of 1st period - Erik Karlsson is hit by Eric Gryba and loses puck.
4:50 of 1st period - Minor Penalty to Mark Arcobello for Hooking.
4:51 of 1st period - Claude Giroux wins face-off versus Andrew Cogliano in RedWings zone.
5:10 of 1st period - Shot by Alex Pietrangelo.
5:10 of 1st period - Shot Misses the Net.
5:12 of 1st period - Shot by P.K. Subban.
5:12 of 1st period - Stopped by Roberto Luongo without a rebound.
5:13 of 1st period - Andrew Cogliano wins face-off versus Logan Couture in RedWings zone.
5:13 of 1st period - Andrew Cogliano is hit by Nazem Kadri.
5:41 of 1st period - Shot by Logan Couture.
5:41 of 1st period - Deflect By Ryan OReilly.
5:41 of 1st period - Stopped by Roberto Luongo without a rebound.
5:42 of 1st period - Claude Giroux wins face-off versus Sam Gagner in RedWings zone.
5:42 of 1st period - Claude Giroux is hit by Eric Gryba.
6:20 of 1st period - Shot by P.K. Subban.
6:20 of 1st period - Stopped by Roberto Luongo with a rebound.
7:07 of 1st period - Tuomo Ruutu is hit by Andrei Markov and loses puck.
7:34 of 1st period - Chris Kreider is hit by Ondrej Palat and loses puck.
7:39 of 1st period - Shot by Loui Eriksson.
7:39 of 1st period - Stopped by Henrik Lundqvist with a rebound.
7:47 of 1st period - Shot by Loui Eriksson.
7:47 of 1st period - Shot Blocked by Andrei Markov.
7:49 of 1st period - Shot by Sam Gagner.
7:49 of 1st period - Shot Blocked by Erik Karlsson.
7:51 of 1st period - Shot by Ondrej Palat.
7:51 of 1st period - Goal by Ondrej Palat - Canucks : 1 - RedWings : 1.
7:52 of 1st period - Logan Couture wins face-off versus Mark Arcobello in neutral zone.
8:05 of 1st period - Paul Martin is hit by Ryan OReilly and loses puck.
8:12 of 1st period - Shot by Phil Kessel.
8:12 of 1st period - Shot Misses the Net.
8:14 of 1st period - Shot by Phil Kessel.
8:14 of 1st period - Shot Blocked by Eric Gryba.
8:16 of 1st period - Shot by Logan Couture.
8:16 of 1st period - Shot Misses the Net.
8:18 of 1st period - Shot by Justin Braun.
8:18 of 1st period - Stopped by Roberto Luongo without a rebound.
8:19 of 1st period - Claude Giroux wins face-off versus Sam Gagner in RedWings zone.
8:44 of 1st period - Shot by Claude Giroux.
8:44 of 1st period - Shot Misses the Net.
8:46 of 1st period - Shot by Ryan Johansen.
8:46 of 1st period - Stopped by Roberto Luongo without a rebound.
8:47 of 1st period - Logan Couture wins face-off versus Joe Thornton in RedWings zone.
8:47 of 1st period - Minor Penalty to Eric Gryba for Hooking.
8:48 of 1st period - Andrew Cogliano wins face-off versus Logan Couture in RedWings zone.
9:04 of 1st period - Shot by Nazem Kadri.
9:04 of 1st period - Stopped by Roberto Luongo without a rebound.
9:05 of 1st period - Filip Forsberg wins face-off versus Claude Giroux in RedWings zone.
9:28 of 1st period - Shot by Brent Burns.
9:28 of 1st period - Shot Blocked by Jake Gardiner.
10:07 of 1st period - Minor Penalty to Andrew Cogliano for Roughing.
10:08 of 1st period - Ryan OReilly wins face-off versus Loui Eriksson in RedWings zone.
10:09 of 1st period - Shot by Logan Couture.
10:09 of 1st period - Stopped by Roberto Luongo without a rebound.
10:10 of 1st period - Nazem Kadri wins face-off versus Loui Eriksson in RedWings zone.
10:47 of 1st period - Logan Couture is hit by Eric Gryba and loses puck.
11:20 of 1st period - Shot by Erik Karlsson.
11:20 of 1st period - Stopped by Roberto Luongo without a rebound.
11:21 of 1st period - Alexandre Burrows wins face-off versus Claude Giroux in RedWings zone.
12:25 of 1st period - Sam Gagner is hit by Justin Braun.
12:41 of 1st period - Shot by Sam Gagner.
12:41 of 1st period - Stopped by Henrik Lundqvist without a rebound.
12:42 of 1st period - Ville Leino wins face-off versus Logan Couture in Canucks zone.
13:15 of 1st period - Shot by Ryan OReilly.
13:15 of 1st period - Stopped by Roberto Luongo without a rebound.
13:16 of 1st period - Claude Giroux wins face-off versus Sam Gagner in RedWings zone.
13:41 of 1st period - Shot by Claude Giroux.
13:41 of 1st period - Shot Misses the Net.
14:00 of 1st period - Shot by Claude Giroux.
14:00 of 1st period - Deflect By Ryan Johansen.
14:00 of 1st period - Stopped by Roberto Luongo without a rebound.
14:01 of 1st period - Joe Thornton wins face-off versus Nazem Kadri in RedWings zone.
14:10 of 1st period - Off-side.
14:11 of 1st period - Joe Thornton wins face-off versus Logan Couture in neutral zone.
14:28 of 1st period - Shot by Alex Pietrangelo.
14:28 of 1st period - Stopped by Roberto Luongo without a rebound.
14:29 of 1st period - Nazem Kadri wins face-off versus Sam Gagner in RedWings zone.
14:43 of 1st period - Icing by Jake Gardiner.
14:44 of 1st period - Claude Giroux wins face-off versus Sam Gagner in RedWings zone.
14:47 of 1st period - Shot by Adam Henrique.
14:47 of 1st period - Shot Misses the Net.
14:53 of 1st period - Shot by Ryan Johansen.
14:53 of 1st period - Stopped by Roberto Luongo without a rebound.
14:54 of 1st period - Claude Giroux wins face-off versus Joe Thornton in RedWings zone.
15:33 of 1st period - Shot by Adam Henrique.
15:33 of 1st period - Stopped by Roberto Luongo without a rebound.
15:34 of 1st period - Sam Gagner wins face-off versus Logan Couture in RedWings zone.
16:23 of 1st period - Off-side.
16:24 of 1st period - Adam Henrique wins face-off versus Joe Thornton in neutral zone.
16:24 of 1st period - Adam Henrique is hit by Tuomo Ruutu.
16:28 of 1st period - Eric Gryba is hit by Adam Henrique and loses puck.
16:40 of 1st period - Claude Giroux is hit by Eric Gryba and loses puck.
16:45 of 1st period - Shot by Adam Henrique.
16:45 of 1st period - Shot Blocked by Paul Martin.
16:54 of 1st period - Off-side.
16:55 of 1st period - Nazem Kadri wins face-off versus Mark Arcobello in neutral zone.
17:08 of 1st period - Shot by Nazem Kadri.
17:08 of 1st period - Stopped by Roberto Luongo without a rebound.
17:09 of 1st period - Logan Couture wins face-off versus Sam Gagner in RedWings zone.
17:10 of 1st period - Shot by Ryan OReilly.
17:10 of 1st period - Shot Blocked by Jake Gardiner.
17:12 of 1st period - Shot by Ryan OReilly.
17:12 of 1st period - Stopped by Roberto Luongo with a rebound.
17:24 of 1st period - Shot by Ryan OReilly.
17:24 of 1st period - Stopped by Roberto Luongo without a rebound.
17:25 of 1st period - Joe Thornton wins face-off versus Claude Giroux in RedWings zone.
17:49 of 1st period - Icing by Eric Gryba.
17:50 of 1st period - Logan Couture wins face-off versus Joe Thornton in RedWings zone.
17:50 of 1st period - Justin Braun is hit by Eric Gryba and loses puck.
17:54 of 1st period - Icing by Eric Gryba.
17:55 of 1st period - Joe Thornton wins face-off versus Logan Couture in RedWings zone.
18:00 of 1st period - Shot by Ryan OReilly.
18:00 of 1st period - Stopped by Roberto Luongo with a rebound.
18:34 of 1st period - Shot by Phil Kessel.
18:34 of 1st period - Stopped by Roberto Luongo without a rebound.
18:35 of 1st period - Claude Giroux wins face-off versus Sam Gagner in RedWings zone.
18:42 of 1st period - Shot by Claude Giroux.
18:42 of 1st period - Stopped by Roberto Luongo without a rebound.
18:43 of 1st period - Claude Giroux wins face-off versus Sam Gagner in RedWings zone.
18:46 of 1st period - Shot by Adam Henrique.
18:46 of 1st period - Deflect By Claude Giroux.
18:46 of 1st period - Stopped by Roberto Luongo with a rebound.
19:09 of 1st period - Shot by Loui Eriksson.
19:09 of 1st period - Shot Misses the Net.
19:11 of 1st period - Shot by Sam Gagner.
19:11 of 1st period - Stopped by Henrik Lundqvist without a rebound.
19:12 of 1st period - Mark Arcobello wins face-off versus Phil Kessel in Canucks zone.
19:12 of 1st period - Tyler Toffoli is hit by Erik Karlsson and loses puck.
19:20 of 1st period - Icing by Erik Karlsson.
19:21 of 1st period - Joe Thornton wins face-off versus Logan Couture in Canucks zone.
19:37 of 1st period - Off-side.
19:38 of 1st period - Sam Gagner wins face-off versus Claude Giroux in neutral zone.
19:54 of 1st period - Shot by Adam Henrique.
19:54 of 1st period - Stopped by Roberto Luongo without a rebound.
19:55 of 1st period - Joe Thornton wins face-off versus Nazem Kadri in RedWings zone.
Goals for this period are 1 for Canucks vs 1 for RedWings.
Shots for this period are 24 for Canucks vs 4 for RedWings.

2nd period


0:01 of 2nd period - Claude Giroux wins face-off versus Sam Gagner in neutral zone.
0:25 of 2nd period - Shot by Adam Henrique.
0:25 of 2nd period - Stopped by Roberto Luongo with a rebound.
0:47 of 2nd period - Shot by Claude Giroux.
0:47 of 2nd period - Stopped by Roberto Luongo without a rebound.
0:48 of 2nd period - Joe Thornton wins face-off versus Nazem Kadri in RedWings zone.
1:40 of 2nd period - Nazem Kadri is hit by Eric Brewer and loses puck.
2:45 of 2nd period - Shot by Claude Giroux.
2:45 of 2nd period - Goal by Claude Giroux - Canucks : 2 - RedWings : 1.
2:46 of 2nd period - Sam Gagner wins face-off versus Claude Giroux in neutral zone.
2:54 of 2nd period - Shot by Claude Giroux.
2:54 of 2nd period - Stopped by Roberto Luongo with a rebound.
3:23 of 2nd period - P.K. Subban is hit by Ondrej Palat and loses puck.
3:49 of 2nd period - Icing by Hal Gill.
3:50 of 2nd period - Logan Couture wins face-off versus Joe Thornton in RedWings zone.
3:51 of 2nd period - Shot by Phil Kessel.
3:51 of 2nd period - Stopped by Roberto Luongo without a rebound.
3:52 of 2nd period - Logan Couture wins face-off versus Joe Thornton in RedWings zone.
3:52 of 2nd period - Minor Penalty to Paul Martin for Hooking.
3:53 of 2nd period - Logan Couture wins face-off versus Andrew Cogliano in RedWings zone.
3:54 of 2nd period - Shot by Erik Karlsson.
3:54 of 2nd period - Stopped by Roberto Luongo with a rebound.
3:56 of 2nd period - Shot by Erik Karlsson.
3:56 of 2nd period - Goal by Erik Karlsson - Canucks : 3 - RedWings : 1.
3:57 of 2nd period - Sam Gagner wins face-off versus Logan Couture in neutral zone.
4:02 of 2nd period - Icing by Andrei Markov.
4:03 of 2nd period - Logan Couture wins face-off versus Sam Gagner in Canucks zone.
4:03 of 2nd period - Logan Couture is hit by Loui Eriksson.
4:40 of 2nd period - Ryan OReilly is hit by Eric Brewer.
4:47 of 2nd period - Minor Penalty to Jake Gardiner for High sticking.
4:48 of 2nd period - Claude Giroux wins face-off versus Andrew Cogliano in RedWings zone.
5:03 of 2nd period - Shot by Claude Giroux.
5:03 of 2nd period - Stopped by Roberto Luongo without a rebound.
5:04 of 2nd period - Logan Couture wins face-off versus Andrew Cogliano in RedWings zone.
5:07 of 2nd period - Shot by Nazem Kadri.
5:07 of 2nd period - Stopped by Roberto Luongo with a rebound.
5:09 of 2nd period - Shot by Logan Couture.
5:09 of 2nd period - Shot Misses the Net.
5:11 of 2nd period - Shot by Erik Karlsson.
5:11 of 2nd period - Stopped by Roberto Luongo with a rebound.
6:00 of 2nd period - Shot by Alex Pietrangelo.
6:00 of 2nd period - Stopped by Roberto Luongo without a rebound.
6:01 of 2nd period - Andrew Cogliano wins face-off versus Claude Giroux in RedWings zone.
6:01 of 2nd period - Andrew Cogliano is hit by Ryan Johansen.
6:23 of 2nd period - Shot by Phil Kessel.
6:23 of 2nd period - Stopped by Roberto Luongo without a rebound.
6:24 of 2nd period - Claude Giroux wins face-off versus Andrew Cogliano in RedWings zone.
6:56 of 2nd period - Shot by Nazem Kadri.
6:56 of 2nd period - Shot Misses the Net.
6:58 of 2nd period - Shot by Jonas Brodin.
6:58 of 2nd period - Shot Blocked by Eric Brewer.
7:14 of 2nd period - Chris Kreider is hit by Eric Brewer and loses puck.
7:18 of 2nd period - Minor Penalty to Eric Brewer for Hooking.
7:19 of 2nd period - Andrew Cogliano wins face-off versus Logan Couture in RedWings zone.
7:40 of 2nd period - Shot by P.K. Subban.
7:40 of 2nd period - Shot Misses the Net.
7:42 of 2nd period - Shot by Alex Pietrangelo.
7:42 of 2nd period - Stopped by Roberto Luongo without a rebound.
7:43 of 2nd period - Sam Gagner wins face-off versus Claude Giroux in RedWings zone.
8:05 of 2nd period - Icing by Brent Burns.
8:06 of 2nd period - Andrew Cogliano wins face-off versus Claude Giroux in Canucks zone.
8:18 of 2nd period - Icing by Erik Karlsson.
8:19 of 2nd period - Claude Giroux wins face-off versus Andrew Cogliano in Canucks zone.
8:19 of 2nd period - Claude Giroux is hit by Andrew Cogliano.
8:37 of 2nd period - Shot by Claude Giroux.
8:37 of 2nd period - Stopped by Roberto Luongo without a rebound.
8:38 of 2nd period - Logan Couture wins face-off versus Sam Gagner in RedWings zone.
8:51 of 2nd period - Shot by Alex Pietrangelo.
8:51 of 2nd period - Stopped by Roberto Luongo without a rebound.
8:52 of 2nd period - Logan Couture wins face-off versus Andrew Cogliano in RedWings zone.
9:11 of 2nd period - Shot by P.K. Subban.
9:11 of 2nd period - Shot Blocked by Jake Gardiner.
9:13 of 2nd period - Shot by Ryan OReilly.
9:13 of 2nd period - Stopped by Roberto Luongo without a rebound.
9:14 of 2nd period - Andrew Cogliano wins face-off versus Claude Giroux in RedWings zone.
9:25 of 2nd period - Shot by Vladimir Sobotka.
9:25 of 2nd period - Shot Misses the Net.
9:35 of 2nd period - Shot by Paul Martin.
9:35 of 2nd period - Stopped by Henrik Lundqvist without a rebound.
9:36 of 2nd period - Mark Arcobello wins face-off versus Claude Giroux in Canucks zone.
9:50 of 2nd period - Claude Giroux is hit by Mark Fraser and loses puck.
9:52 of 2nd period - Minor Penalty to Eric Brewer for Hooking.
9:53 of 2nd period - Logan Couture wins face-off versus Andrew Cogliano in RedWings zone.
10:00 of 2nd period - Shot by Brent Burns.
10:00 of 2nd period - Shot Misses the Net.
10:02 of 2nd period - Shot by Logan Couture.
10:02 of 2nd period - Stopped by Roberto Luongo without a rebound.
10:03 of 2nd period - Claude Giroux wins face-off versus Andrew Cogliano in RedWings zone.
10:33 of 2nd period - Shot by Ryan Johansen.
10:33 of 2nd period - Shot Blocked by Jake Gardiner.
10:47 of 2nd period - Shot by Brent Burns.
10:47 of 2nd period - Stopped by Roberto Luongo without a rebound.
10:48 of 2nd period - Logan Couture wins face-off versus Andrew Cogliano in RedWings zone.
10:49 of 2nd period - Shot by P.K. Subban.
10:49 of 2nd period - Stopped by Roberto Luongo with a rebound.
10:51 of 2nd period - Shot by P.K. Subban.
10:51 of 2nd period - Stopped by Roberto Luongo without a rebound.
10:52 of 2nd period - Logan Couture wins face-off versus Andrew Cogliano in RedWings zone.
10:57 of 2nd period - Shot by P.K. Subban.
10:57 of 2nd period - Stopped by Roberto Luongo without a rebound.
10:58 of 2nd period - Andrew Cogliano wins face-off versus Logan Couture in RedWings zone.
10:58 of 2nd period - Andrew Cogliano is hit by Nazem Kadri.
10:59 of 2nd period - Minor Penalty to Nazem Kadri for Holding.
11:00 of 2nd period - Tuomo Ruutu wins face-off versus Adam Henrique in Canucks zone.
11:03 of 2nd period - Shot by Tyler Toffoli.
11:03 of 2nd period - Shot Misses the Net.
11:36 of 2nd period - Off-side.
11:37 of 2nd period - Vladimir Sobotka wins face-off versus Tuomo Ruutu in neutral zone.
11:41 of 2nd period - Brent Burns is hit by Mark Fraser and loses puck.
11:51 of 2nd period - Off-side.
11:52 of 2nd period - Ryan OReilly wins face-off versus Alexandre Burrows in neutral zone.
12:56 of 2nd period - Shot by Mark Fraser.
12:56 of 2nd period - Shot Misses the Net.
12:58 of 2nd period - Shot by Eric Brewer.
12:58 of 2nd period - Shot Blocked by Adam Henrique.
13:08 of 2nd period - Shot by Dmitry Kulikov.
13:08 of 2nd period - Shot Misses the Net.
13:10 of 2nd period - Shot by Erik Karlsson.
13:10 of 2nd period - Shot Misses the Net.
13:29 of 2nd period - Icing by Paul Martin.
13:30 of 2nd period - Claude Giroux wins face-off versus Sam Gagner in RedWings zone.
13:31 of 2nd period - Shot by Ryan Johansen.
13:31 of 2nd period - Shot Misses the Net.
13:33 of 2nd period - Shot by Justin Braun.
13:33 of 2nd period - Stopped by Roberto Luongo without a rebound.
13:34 of 2nd period - Filip Forsberg wins face-off versus Claude Giroux in RedWings zone.
13:34 of 2nd period - Filip Forsberg is hit by Claude Giroux.
13:39 of 2nd period - Tuomo Ruutu is hit by P.K. Subban and loses puck.
13:45 of 2nd period - Alex Pietrangelo is hit by Tuomo Ruutu and loses puck.
14:04 of 2nd period - Shot by Joe Thornton.
14:04 of 2nd period - Stopped by Henrik Lundqvist without a rebound.
14:05 of 2nd period - Mark Arcobello wins face-off versus Logan Couture in Canucks zone.
14:48 of 2nd period - Eric Brewer is hit by Phil Kessel and loses puck.
15:26 of 2nd period - Icing by P.K. Subban.
15:27 of 2nd period - Tuomo Ruutu wins face-off versus Claude Giroux in Canucks zone.
15:31 of 2nd period - Joe Thornton is hit by P.K. Subban and loses puck.
15:47 of 2nd period - Minor Penalty to Claude Giroux for Hooking.
15:48 of 2nd period - Joe Thornton wins face-off versus Ryan OReilly in Canucks zone.
16:09 of 2nd period - Shot by Joe Thornton.
16:09 of 2nd period - Shot Misses the Net.
16:45 of 2nd period - Shot by Jake Gardiner.
16:45 of 2nd period - Goal by Jake Gardiner - Canucks : 3 - RedWings : 2.
16:46 of 2nd period - Loui Eriksson wins face-off versus Claude Giroux in neutral zone.
17:51 of 2nd period - Off-side.
17:52 of 2nd period - Mark Arcobello wins face-off versus Brandon Pirri in neutral zone.
18:28 of 2nd period - Icing by Vladimir Sobotka.
18:29 of 2nd period - Joe Thornton wins face-off versus Brandon Pirri in Canucks zone.
18:48 of 2nd period - Shot by Joe Thornton.
18:48 of 2nd period - Shot Misses the Net.
19:39 of 2nd period - Shot by Brent Burns.
19:39 of 2nd period - Stopped by Roberto Luongo without a rebound.
19:40 of 2nd period - Sam Gagner wins face-off versus Claude Giroux in RedWings zone.
19:49 of 2nd period - Shot by Loui Eriksson.
19:49 of 2nd period - Shot Misses the Net.
19:58 of 2nd period - Andrei Markov is hit by Jake Gardiner.
Goals for this period are 2 for Canucks vs 1 for RedWings.
Shots for this period are 23 for Canucks vs 3 for RedWings.

3rd period


0:01 of 3rd period - Joe Thornton wins face-off versus Logan Couture in neutral zone.
0:27 of 3rd period - Joe Thornton is hit by Erik Karlsson and loses puck.
0:32 of 3rd period - Shot by Jake Gardiner.
0:32 of 3rd period - Shot Misses the Net.
1:11 of 3rd period - Loui Eriksson is hit by Andrei Markov and loses puck.
1:31 of 3rd period - Erik Karlsson is hit by Eric Gryba and loses puck.
1:49 of 3rd period - Phil Kessel is hit by Eric Brewer and loses puck.
1:56 of 3rd period - Shot by Alexandre Burrows.
1:56 of 3rd period - Stopped by Henrik Lundqvist without a rebound.
1:57 of 3rd period - Claude Giroux wins face-off versus Ville Leino in Canucks zone.
1:57 of 3rd period - Claude Giroux is hit by Tuomo Ruutu.
2:26 of 3rd period - Shot by Claude Giroux.
2:26 of 3rd period - Stopped by Roberto Luongo without a rebound.
2:27 of 3rd period - Joe Thornton wins face-off versus Nazem Kadri in RedWings zone.
3:04 of 3rd period - Icing by Paul Martin.
3:05 of 3rd period - Joe Thornton wins face-off versus Claude Giroux in RedWings zone.
3:24 of 3rd period - Icing by Jonas Brodin.
3:25 of 3rd period - Ondrej Palat wins face-off versus Claude Giroux in Canucks zone.
3:32 of 3rd period - Shot by Ondrej Palat.
3:32 of 3rd period - Shot Misses the Net.
3:36 of 3rd period - Shot by Jake Gardiner.
3:36 of 3rd period - Stopped by Henrik Lundqvist with a rebound.
3:48 of 3rd period - Shot by Sam Gagner.
3:48 of 3rd period - Stopped by Henrik Lundqvist with a rebound.
3:50 of 3rd period - Shot by Sam Gagner.
3:50 of 3rd period - Stopped by Henrik Lundqvist with a rebound.
3:52 of 3rd period - Shot by Eric Brewer.
3:52 of 3rd period - Shot Blocked by Justin Braun.
3:54 of 3rd period - Shot by Eric Brewer.
3:54 of 3rd period - Stopped by Henrik Lundqvist without a rebound.
3:55 of 3rd period - Mark Arcobello wins face-off versus Brent Burns in Canucks zone.
4:28 of 3rd period - Paul Martin is hit by P.K. Subban and loses puck.
5:11 of 3rd period - Shot by Sam Gagner.
5:11 of 3rd period - Stopped by Henrik Lundqvist without a rebound.
5:12 of 3rd period - Joe Thornton wins face-off versus Logan Couture in Canucks zone.
5:33 of 3rd period - Off-side.
5:34 of 3rd period - Claude Giroux wins face-off versus Sam Gagner in neutral zone.
6:41 of 3rd period - Off-side.
6:42 of 3rd period - Joe Thornton wins face-off versus Phil Kessel in neutral zone.
6:45 of 3rd period - Alex Pietrangelo is hit by Tuomo Ruutu and loses puck.
7:00 of 3rd period - Shot by Brandon Pirri.
7:00 of 3rd period - Stopped by Roberto Luongo without a rebound.
7:01 of 3rd period - Nazem Kadri wins face-off versus Mark Arcobello in RedWings zone.
7:16 of 3rd period - Shot by Mark Arcobello.
7:16 of 3rd period - Stopped by Henrik Lundqvist without a rebound.
7:17 of 3rd period - Joe Thornton wins face-off versus Logan Couture in Canucks zone.
8:43 of 3rd period - Adam Henrique is hit by Eric Brewer and loses puck.
8:50 of 3rd period - Shot by Claude Giroux.
8:50 of 3rd period - Stopped by Roberto Luongo without a rebound.
8:51 of 3rd period - Chris Kreider wins face-off versus Mark Arcobello in RedWings zone.
9:20 of 3rd period - Erik Karlsson is hit by Mark Arcobello and loses puck.
9:33 of 3rd period - Shot by Nazem Kadri.
9:33 of 3rd period - Stopped by Roberto Luongo with a rebound.
9:35 of 3rd period - Shot by Erik Karlsson.
9:35 of 3rd period - Goal by Erik Karlsson - Canucks : 4 - RedWings : 2.
9:36 of 3rd period - Claude Giroux wins face-off versus Joe Thornton in neutral zone.
9:42 of 3rd period - Icing by Eric Brewer.
9:43 of 3rd period - Logan Couture wins face-off versus Joe Thornton in RedWings zone.
9:48 of 3rd period - Shot by Ryan OReilly.
9:48 of 3rd period - Deflect By Phil Kessel.
9:48 of 3rd period - Stopped by Roberto Luongo with a rebound.
11:00 of 3rd period - Off-side.
11:01 of 3rd period - Nazem Kadri wins face-off versus Mark Arcobello in neutral zone.
11:43 of 3rd period - Icing by Tyler Toffoli.
11:44 of 3rd period - Claude Giroux wins face-off versus Mark Arcobello in RedWings zone.
11:44 of 3rd period - Adam Henrique is hit by Hal Gill and loses puck.
11:49 of 3rd period - Shot by Claude Giroux.
11:49 of 3rd period - Shot Misses the Net.
11:54 of 3rd period - Icing by Paul Martin.
11:55 of 3rd period - Logan Couture wins face-off versus Mark Arcobello in RedWings zone.
12:02 of 3rd period - Shot by Phil Kessel.
12:02 of 3rd period - Shot Misses the Net.
12:40 of 3rd period - Shot by Phil Kessel.
12:40 of 3rd period - Shot Misses the Net.
13:12 of 3rd period - Minor Penalty to Eric Gryba for Diving.
13:13 of 3rd period - Andrew Cogliano wins face-off versus Claude Giroux in RedWings zone.
13:34 of 3rd period - Shot by Claude Giroux.
13:34 of 3rd period - Stopped by Roberto Luongo without a rebound.
13:35 of 3rd period - Andrew Cogliano wins face-off versus Logan Couture in RedWings zone.
14:06 of 3rd period - Shot by Alex Pietrangelo.
14:06 of 3rd period - Shot Misses the Net.
14:08 of 3rd period - Shot by P.K. Subban.
14:08 of 3rd period - Shot Misses the Net.
14:10 of 3rd period - Shot by Ryan OReilly.
14:10 of 3rd period - Deflect By Logan Couture.
14:10 of 3rd period - Stopped by Roberto Luongo without a rebound.
14:11 of 3rd period - Claude Giroux wins face-off versus Sam Gagner in RedWings zone.
14:12 of 3rd period - Shot by Phil Kessel.
14:12 of 3rd period - Stopped by Roberto Luongo without a rebound.
14:13 of 3rd period - Claude Giroux wins face-off versus Sam Gagner in RedWings zone.
14:24 of 3rd period - Shot by Erik Karlsson.
14:24 of 3rd period - Stopped by Roberto Luongo without a rebound.
14:25 of 3rd period - Andrew Cogliano wins face-off versus Phil Kessel in RedWings zone.
14:40 of 3rd period - Shot by Ryan Johansen.
14:40 of 3rd period - Deflect By Claude Giroux.
14:40 of 3rd period - Stopped by Roberto Luongo without a rebound.
14:41 of 3rd period - Ryan OReilly wins face-off versus Andrew Cogliano in RedWings zone.
14:44 of 3rd period - Shot by Nazem Kadri.
14:44 of 3rd period - Stopped by Roberto Luongo without a rebound.
14:45 of 3rd period - Claude Giroux wins face-off versus Andrew Cogliano in RedWings zone.
14:59 of 3rd period - Minor Penalty to Alexandre Burrows for Roughing.
14:59 of 3rd period - Minor Penalty to Brent Burns for Hooking.
15:00 of 3rd period - Adam Henrique wins face-off versus Loui Eriksson in Canucks zone.
15:00 of 3rd period - Adam Henrique is hit by Loui Eriksson.
15:19 of 3rd period - Icing by Eric Brewer.
15:20 of 3rd period - Vladimir Sobotka wins face-off versus Tuomo Ruutu in RedWings zone.
15:21 of 3rd period - Shot by Nazem Kadri.
15:21 of 3rd period - Stopped by Roberto Luongo with a rebound.
15:23 of 3rd period - Shot by Dmitry Kulikov.
15:23 of 3rd period - Shot Misses the Net.
15:25 of 3rd period - Shot by Dmitry Kulikov.
15:25 of 3rd period - Stopped by Roberto Luongo with a rebound.
15:27 of 3rd period - Shot by Dmitry Kulikov.
15:27 of 3rd period - Stopped by Roberto Luongo with a rebound.
15:57 of 3rd period - Shot by Andrei Markov.
15:57 of 3rd period - Stopped by Roberto Luongo with a rebound.
15:59 of 3rd period - Shot by Vladimir Sobotka.
15:59 of 3rd period - Stopped by Roberto Luongo without a rebound.
16:00 of 3rd period - Tuomo Ruutu wins face-off versus Adam Henrique in RedWings zone.
18:16 of 3rd period - Minor Penalty to Eric Brewer for Holding.
18:17 of 3rd period - Andrew Cogliano wins face-off versus Claude Giroux in RedWings zone.
18:48 of 3rd period - Shot by Phil Kessel.
18:48 of 3rd period - Shot Misses the Net.
19:26 of 3rd period - Shot by Ryan OReilly.
19:26 of 3rd period - Shot Misses the Net.
19:28 of 3rd period - Shot by Logan Couture.
19:28 of 3rd period - Shot Misses the Net.
19:30 of 3rd period - Shot by Alex Pietrangelo.
19:30 of 3rd period - Shot Blocked by Jake Gardiner.
19:32 of 3rd period - Shot by Logan Couture.
19:32 of 3rd period - Shot Misses the Net.
19:34 of 3rd period - Shot by Alex Pietrangelo.
19:34 of 3rd period - Shot Misses the Net.
19:48 of 3rd period - Shot by Brent Burns.
19:48 of 3rd period - Stopped by Roberto Luongo without a rebound.
19:49 of 3rd period - Andrew Cogliano wins face-off versus Claude Giroux in RedWings zone.
Goals for this period are 1 for Canucks vs 0 for RedWings.
Shots for this period are 18 for Canucks vs 7 for RedWings.


Output by the SimonT Hockey Simulator (STHS) for Stephane Roy -- Original Page W3C XHTML 1.0 Valid
Hockey Simulator - Hockey Simulation - Hockey Manager